 Dungeon Crawl Stone Soup version 0.26-a0-639-g72c4674329 (webtiles) character file.

Game seed: 12965064504967602193

102 Flugslaktarn the Skirmisher (level 4, 0/41 HPs)
             Began as a Minotaur Fighter on Sept 23, 2020.
             Slain by Ijyb (3 damage)
             ... on level 3 of the Dungeon.
             The game lasted 00:00:27 (527 turns).

Flugslaktarn the Skirmisher (Minotaur Fighter)       Turns: 527, Time: 00:00:28

Health: 0/41       AC:  7    Str: 20    XL:     4   Next: 49%
Magic:  3/3        EV:  7    Int:  6    God:
Gold:   0          SH:  9    Dex: 10    Spells: 3/3 levels left

rFire    . . .     SeeInvis .   a - +0 war axe
rCold    . . .     Faith    .   c - +0 kite shield
rNeg     . . .     Spirit   .   b - +0 scale mail
rPois    .         Reflect  .   (helmet restricted)
rElec    .         Harm     .   (no cloak)
rCorr    .         Rampage  .   (no gloves)
MR       .....                  (no boots)
Stlth    ..........             (no amulet)
HPRegen  0.13/turn              (no ring)
MPRegen  0.08/turn              (no ring)

@: mighty, berserk cooldown, slowed, very slow
A: retaliatory headbutt, horns 2
a: no special abilities


You were on level 3 of the Dungeon.
You visited 1 branch of the dungeon, and saw 3 of its levels.

Inventory:

Hand Weapons
 a - a +0 war axe (weapon)
Armour
 b - a +0 scale mail (worn)
 c - a +0 kite shield (worn)
Jewellery
 f - an uncursed ring of flight {unknown}
   (You found it on level 2 of the Dungeon)


   Skills:
 * Level 4.7 Fighting
 * Level 3.9 Axes
 + Level 4.1 Armour
 + Level 4.2 Shields


You had 3 spell levels left.
You didn't know any spells.
Your spell library was empty.

Dungeon Overview and Level Annotations

Branches:
Dungeon (3/15)

Altars:

Annotations:
D:3 Ijyb


Innate Abilities, Weirdness & Mutations

You reflexively headbutt those who attack you in melee.
You have a pair of horns on your head.


Message History

The frilled lizard bites you but does no damage.
You are too injured to fight recklessly!
You slash the frilled lizard!
You kill the frilled lizard!
Ijyb hits you but does no damage.
You are too injured to fight recklessly!
You closely miss Ijyb. Ijyb closely misses you.
A gnoll comes into view.
Ijyb hits you but does no damage.
You closely miss Ijyb. Ijyb hits you but does no damage.
Ijyb zaps a wand.
You barely resist. Ijyb hits you but does no damage.
You hit Ijyb.
Ijyb is lightly wounded.
Ijyb hits you but does no damage.
You slash Ijyb!
Ijyb is heavily wounded.
You block Ijyb's attack.
Ijyb zaps a wand.
You are blasted!
* * * LOW HITPOINT WARNING * * *
Ijyb hits you.
You die...

#........
#.......
#......#
#......#
####......
#........#####
#.........gg.#
#.?.......g#@#
#.......l###..#
#........<###.#
#.........# .#
#.......l.# ..
#.........# ...
#.........# ..#
#.........# #..
........?g


You could see Ijyb and a gnoll.

Vanquished Creatures
  5 gnolls
  3 adders
  A worm (D:2)
  2 dart slugs (D:2)
  An orc (D:3)
  3 giant cockroaches
  2 goblins
  2 jackals (D:2)
  A bat (D:2)
  3 frilled lizards
  A kobold (D:2)
24 creatures vanquished.

Vanquished Creatures (others)
  8 fungi (D:2)
  2 plants (D:2)
10 creatures vanquished.

Grand Total: 34 creatures vanquished

Notes
Turn   | Place    | Note
-------+----------+-------------------------------------------
     0 | D:1      | Flugslaktarn the Minotaur Fighter began the quest for the
                  | Orb.
     0 | D:1      | Reached XP level 1. HP: 19/19 MP: 0/0
    59 | D:2      | Reached XP level 2. HP: 6/27 MP: 1/1
   367 | D:2      | Reached XP level 3. HP: 31/33 MP: 2/2
   473 | D:2      | Reached XP level 4. HP: 25/41 MP: 3/3
   498 | D:3      | Noticed Ijyb
   527 | D:3      | Slain by Ijyb

Illustrated notes

Levels and vault maps discovered:
D:1:      dpeg_arrival_simpleton_b, layout_rooms, minmay_misc_feat_more_columns
D:2:      layout_loops_ring, fedhas_altar_3, hangedman_decor_push,
          uniq_crazy_yiuf_cottage, uniq_natasha, uniq_sigmund, uniq_robin
D:3:      minmay_wonky_spiral, layout_basic, grunt_temple_overflow_diamond,
          overflow_temple_1_default, small_statue_alley_b, uniq_ijyb,
          uniq_grinder

Skill      XL: |  1  2  3 |
---------------+----------+-----
Fighting       | 4 |  4.7
Axes           | 3 |  3.9
Armour         | 4 |  4.1
Shields        | 4 |  4.2

Action                   |  1- 3 |  4- 6 || total
-------------------------+-------+-------++-------
Melee: War axe           |    37 |    20 ||    57
       Headbutt          |     3 |     1 ||     4
  Use: Potion            |       |     2 ||     2
Armor: Scale mail        |    27 |    13 ||    40
Dodge: Dodged            |    18 |     8 ||    26
Block: Kite shield       |    31 |    14 ||    45

Table legend: (Time is in decaauts)
 A = Elapsed time spent in this place.
 B = Non-inter-level travel time spent in this place.
 C = Inter-level travel time spent in this place.
 D = Time resting spent in this place.
 E = Time spent auto-exploring this place.
 F = Levels seen in this place.
 G = Mean time per level.
                   A        B        C        D        E       F      G
               +--------+--------+--------+--------+--------+-----+--------+
         Total |    549 |    526 |     23 |    261 |    111 |   3 |  183.0 |
       Dungeon |    549 |    526 |     23 |    261 |    111 |   3 |  183.0 |
               +--------+--------+--------+--------+--------+-----+--------+

Top non-repeatable levels by time:
     D:1: 314 daAuts
     D:2: 202 daAuts
     D:3: 32 daAuts
